[ PARTIDA AOE2 · #477704665 ]
UnrankedVikingos vs Britons
Equipo del jugador · DERR
Equipo rival · VICT
[ ANÁLISIS DE REPETICIÓN · EXTRAÍDO DE LA PARTIDA GRABADA ]
Feudal
9:40
Castillos
—
Imperial
—
| APM promedio | 27.7 |
| APM pico | 47 |
| eAPM promedio | 10.4 |
| Aldeanos / militares | 28 / 13 |
Foco
⚔️ 30.1% · 🌾 69.9%
Archer ×8 · Militia ×3 · Scout Cavalry ×2
Feudal
9:16
Castillos
—
Imperial
—
| APM promedio | 52.6 |
| APM pico | 92 |
| eAPM promedio | 17.6 |
| Aldeanos / militares | 42 / 22 |
Foco
⚔️ 30.5% · 🌾 69.5%
Archer ×20 · Skirmisher ×2
Mapa de la partida
Recursos iniciales + cada clic de construcción. Líneas = muros · curvas = relieve. ◆ oro · ⬟ piedra · ● bayas · ✦ reliquia · ◌ hueco del cierre
Tu base· Abierta — hueco de 7t
Base de er piottatore· Abierta — hueco de 4t
Terreno inicial suavizado · ◌ = hueco del cierre detectado · pasá el cursor para detalles
Inputs por minuto
— DrRexCup - - er piottatore
Build order — DrRexCup
73 acciones detectadas en el replay
| 0:01 | Crear | Villager (Male) ×4 |
| 0:03 | Construir | House |
| 0:05 | Construir | House |
| 1:26 | Crear | Villager (Male) |
| 1:45 | Construir | Lumber Camp |
| 1:55 | Crear | Villager (Male) |
| 2:47 | Crear | Villager (Male) |
| 2:47 | Crear | Villager (Male) |
| 3:03 | Crear | Villager (Male) |
| 3:09 | Crear | Villager (Male) |
| 3:38 | Crear | Villager (Male) |
| 3:51 | Construir | House |
| 4:22 | Crear | Villager (Male) |
| 4:36 | Construir | Mill |
| 4:42 | Crear | Villager (Male) |
| 4:42 | Crear | Villager (Male) |
| 4:43 | Crear | Villager (Male) |
| 4:43 | Crear | Villager (Male) |
| 5:24 | Crear | Villager (Male) |
| 5:25 | Investigar | Loom |
| 5:30 | Construir | Mining Camp |
| 7:15 | Construir | Barracks |
| 7:25 | Construir | Palisade Wall |
| 7:30 | Investigar | Feudal Age |
| 7:37 | Construir | House |
| 8:16 | Crear | Militia |
| 8:16 | Crear | Militia |
| 8:16 | Crear | Militia |
| 8:18 | Crear | Villager (Male) |
| 9:06 | Construir | House |
| 9:12 | Crear | Villager (Male) |
| 9:40 | Edad | Edad Feudal |
| 9:42 | Investigar | Man-at-Arms (upgrade) |
| 9:49 | Construir | Archery Range |
| 9:56 | Crear | Villager (Male) |
| 11:07 | Crear | Villager (Male) |
| 11:08 | Crear | Villager (Male) |
| 11:09 | Crear | Archer |
| 11:11 | Crear | Archer |
| 11:20 | Construir | Farm |
| 11:36 | Crear | Villager (Male) |
| 11:37 | Crear | Villager (Male) |
| 11:38 | Crear | Villager (Male) |
| 12:01 | Construir | Blacksmith |
| 12:02 | Crear | Archer |
| 12:21 | Crear | Villager (Male) |
| 12:24 | Crear | Archer |
| 12:26 | Construir | House |
| 12:49 | Construir | House |
| 13:15 | Crear | Villager (Male) |
| 13:31 | Crear | Archer |
| 13:33 | Investigar | Fletching |
| 13:35 | Crear | Villager (Male) |
| 14:07 | Construir | Farm |
| 14:10 | Construir | Farm |
| 14:11 | Construir | Farm |
| 14:14 | Construir | Farm |
| 14:31 | Construir | Farm |
| 14:41 | Construir | Farm |
| 14:51 | Crear | Archer |
| 15:35 | Crear | Archer |
| 15:37 | Investigar | Padded Archer Armor |
| 15:59 | Construir | House |
| 16:05 | Construir | House |
| 16:46 | Construir | Palisade Wall |
| 17:09 | Construir | Stable |
| 17:26 | Crear | Archer |
| 18:03 | Investigar | Castle Age |
| 18:51 | Construir | Mill |
| 18:57 | Crear | Scout Cavalry |
| 19:00 | Crear | Scout Cavalry |
| 19:14 | Construir | Watch Tower |
| 19:17 | Construir | Mining Camp |
Build order — er piottatore
104 acciones detectadas en el replay
| 0:00 | Crear | Villager (Male) |
| 0:01 | Crear | Villager (Male) |
| 0:02 | Construir | House |
| 0:04 | Construir | House |
| 0:05 | Crear | Villager (Male) |
| 0:09 | Crear | Villager (Male) |
| 1:25 | Crear | Villager (Male) |
| 1:39 | Crear | Villager (Male) |
| 1:59 | Construir | Lumber Camp |
| 2:10 | Crear | Villager (Male) |
| 2:30 | Crear | Villager (Male) |
| 2:37 | Crear | Villager (Male) |
| 3:08 | Crear | Villager (Male) |
| 3:33 | Crear | Villager (Male) |
| 3:41 | Crear | Villager (Male) |
| 3:59 | Construir | House |
| 4:57 | Crear | Villager (Male) |
| 5:01 | Crear | Villager (Male) |
| 5:09 | Crear | Villager (Male) |
| 5:15 | Crear | Villager (Male) |
| 5:24 | Crear | Villager (Male) |
| 5:31 | Crear | Villager (Male) |
| 5:57 | Construir | Mining Camp |
| 6:19 | Investigar | Loom |
| 6:58 | Investigar | Feudal Age |
| 7:50 | Construir | Barracks |
| 8:11 | Construir | House |
| 8:38 | Crear | Villager (Male) |
| 9:16 | Edad | Edad Feudal |
| 9:23 | Construir | Archery Range |
| 9:33 | Investigar | Double-Bit Axe |
| 9:42 | Crear | Villager (Male) |
| 9:42 | Crear | Villager (Male) |
| 9:42 | Crear | Villager (Male) |
| 10:08 | Crear | Villager (Male) |
| 10:14 | Crear | Archer |
| 10:27 | Crear | Archer |
| 10:28 | Crear | Villager (Male) |
| 10:34 | Crear | Villager (Male) |
| 11:21 | Crear | Archer |
| 11:24 | Construir | House |
| 11:41 | Construir | Watch Tower |
| 11:45 | Crear | Villager (Male) |
| 11:48 | Crear | Skirmisher |
| 11:48 | Crear | Villager (Male) |
| 11:54 | Crear | Villager (Male) |
| 12:01 | Construir | Archery Range |
| 12:09 | Crear | Skirmisher |
| 12:28 | Crear | Villager (Male) |
| 12:33 | Construir | Mill |
| 12:51 | Construir | House |
| 13:18 | Construir | Blacksmith |
| 13:23 | Crear | Villager (Male) |
| 13:29 | Crear | Archer |
| 13:29 | Crear | Archer ×2 |
| 13:29 | Crear | Archer |
| 13:47 | Crear | Villager (Male) |
| 13:50 | Construir | House |
| 13:54 | Construir | Farm |
| 13:54 | Construir | Farm |
| 13:55 | Construir | Farm |
| 13:59 | Construir | Farm |
| 13:59 | Construir | Farm |
| 13:59 | Construir | Farm |
| 14:10 | Construir | House |
| 14:18 | Crear | Archer |
| 14:32 | Investigar | Fletching |
| 14:32 | Investigar | Fletching |
| 15:08 | Crear | Archer |
| 15:08 | Crear | Archer |
| 15:08 | Crear | Archer |
| 15:24 | Crear | Archer |
| 15:25 | Crear | Villager (Male) |
| 15:25 | Crear | Villager (Male) |
| 15:28 | Construir | Farm |
| 15:37 | Construir | Farm |
| 15:38 | Construir | Farm |
| 15:38 | Crear | Villager (Male) |
| 15:50 | Crear | Villager (Male) |
| 15:56 | Construir | Farm |
| 15:57 | Construir | Farm |
| 16:00 | Crear | Villager (Male) |
| 16:02 | Construir | Farm |
| 16:24 | Crear | Archer |
| 16:24 | Crear | Villager (Male) |
| 16:40 | Crear | Archer |
| 16:40 | Crear | Villager (Male) |
| 16:40 | Crear | Villager (Male) |
| 16:56 | Crear | Archer |
| 16:57 | Crear | Archer |
| 16:57 | Crear | Villager (Male) |
| 17:01 | Construir | House |
| 17:14 | Construir | Farm |
| 17:24 | Construir | Farm |
| 17:26 | Crear | Villager (Male) |
| 17:39 | Crear | Villager (Male) |
| 17:45 | Investigar | Wheelbarrow |
| 17:50 | Construir | Lumber Camp |
| 18:17 | Crear | Archer |
| 18:18 | Crear | Archer |
| 18:46 | Crear | Archer |
| 18:46 | Crear | Archer |
| 18:50 | Construir | Farm |
| 18:56 | Construir | House |
Cronología de la partida
| 7:15 | DrRexCup · first_building Barracks |
| 7:25 | DrRexCup · wall_segment Palisade Wall x1 |
| 7:50 | er piottatore · first_building Barracks |
| 9:16 | er piottatore · age_up feudal |
| 9:23 | er piottatore · first_building Archery Range |
| 9:40 | DrRexCup · age_up feudal |
| 9:49 | DrRexCup · first_building Archery Range |
| 16:46 | DrRexCup · wall_segment Palisade Wall x6 |
| 17:09 | DrRexCup · first_building Stable |
| 19:45 | DrRexCup · resign |
[ ANÁLISIS IA · 1 CRÉDITO ]
¿Qué pasó realmente en esta partida?
Wolo.gg analiza cada decisión: build order, eco, micro, errores típicos por bracket. Análisis personalizado por WhatsApp o Discord en 30 segundos.
Guía civ
Vikingos
Perfil
Jugador #283706